 Dungeon Crawl Stone Soup version 0.29.1-15-g9cfb28693d (webtiles) character file.

Game seed: 17567671580466319894

144 KittyFluff the Cudgeller (level 5, -1/33 HPs)
             Began as a Gargoyle Berserker on Apr 9, 2023.
             Was a Believer of Trog.
             Slain by Sigmund
             ... wielding a +2 vorpal scythe
              (2 damage)
             ... on level 2 of the Dungeon.
             The game lasted 00:07:02 (2054 turns).

KittyFluff the Cudgeller (Gargoyle Berserker)       Turns: 2054, Time: 00:07:03

Health: -1/33      AC:  8    Str: 21    XL:     5   Next: 27%
Magic:  0/5        EV: 12    Int:  7    God:    Trog [**....]
Gold:   96         SH:  0    Dex: 11    Spells: 4/4 levels left

rFire   . . .      SeeInvis .   a - +0 mace
rCold   . . .      Faith    .   (no shield)
rNeg    + . .      Spirit   +   o - +0 leather armour
rPois   ∞          Reflect  .   (no helmet)
rElec   +          Harm     .   (no cloak)
rCorr   .          Rampage  .   d - +0 pair of gloves
Will    .....                   (no boots)
Stlth   +.........              n - amulet of guardian spirit
HPRegen 0.11/turn               (no ring)
MPRegen 0.09/turn               (no ring)

@: no status effects
A: sickness immunity, AC +4, negative energy resistance 1, electricity
resistance, torment resistance 1, petrification resistance
a: Renounce Religion, Berserk, Trog's Hand


You were on level 2 of the Dungeon.
You worshipped Trog.
Trog was pleased with you.
You visited 1 branch of the dungeon, and saw 2 of its levels.

You collected 96 gold pieces.

Inventory:

Hand Weapons
 a - a +0 mace (weapon)
Missiles
 e - 11 stones (quivered)
 g - 5 javelins
Armour
 d - a +0 pair of gloves (worn)
 o - a +0 leather armour (worn)
Jewellery
 n - an amulet of guardian spirit (around neck)
Scrolls
 c - a scroll of noise {unknown}
 i - a scroll of teleportation {unknown}
 k - a scroll of brand weapon {unknown}
 r - a scroll of magic mapping {unknown}
Potions
 b - a potion of magic {unknown}
 f - a potion of flight {unknown}
 h - a potion of heal wounds {unknown}
 j - a potion of might {unknown}
 l - a potion of degeneration {unknown}
 m - 2 potions of curing {unknown}
 p - a potion of ambrosia {unknown}
 q - a potion of attraction {unknown}
 s - a potion of lignification {unknown}


   Skills:
 + Level 4.0 Fighting
 + Level 4.3 Maces & Flails
 * Level 3.0 Armour
 + Level 2.3 Dodging
 + Level 0.7 Stealth
 + Level 0.1 Unarmed Combat


You had 4 spell levels left.
You didn't know any spells.
Your spell library was empty.

Dungeon Overview and Level Annotations

Branches:
Dungeon (2/15)

Altars:

Shops:
D:2 !

Annotations:
D:2 Sigmund


Innate Abilities, Weirdness & Mutations

You are immune to sickness and miasma.
Your stone body is resilient. (AC +4)
You are immune to poison.
You resist negative energy. (rN+)
You are resistant to electric shocks. (rElec)
You are resistant to unholy torment.
You are immune to petrification.


Message History

You kill the adder!
Trog accepts your kill.
A giant cockroach comes into view.
Sigmund the Dreaded comes into view.
He is wielding a +2 vorpal scythe.
Sigmund shouts!
Sigmund casts a spell at you.
You are confused.
You bump into the rock wall.
Sigmund screams, "Die, monster!"
Sigmund hits you from afar with a +2 vorpal scythe.
You bump into the rock wall.
The giant cockroach bites you but does no damage.
You closely miss the giant cockroach.
Sigmund mumbles some strange words.
Sigmund flickers and vanishes!
Deactivating autopickup; reactivate with Ctrl-A.
The giant cockroach closely misses you.
You're too confused to move!
You feel less confused. Something hits you but does no damage.
The giant cockroach bites you but does no damage.
You thump the giant cockroach!
You kill the giant cockroach!
Trog accepts your kill. Something hits you. Something barely misses you.
You see here a giant cockroach corpse.
You sock something! You closely miss something. Something hits you.
You closely miss something. Your punch misses something.
Something hits you but does no damage.
You hit something. Something hits you.
You barely miss something. Something hits you!
* * * LOW HITPOINT WARNING * * *
Aiming: Polymorph
Press: ? - help, Shift-Dir - straight line Nothing appears to happen.
The now-empty wand crumbles to dust.
You miss something. Something hits you!
* * * LOW HITPOINT WARNING * * *
You die...

###.##... ..
#.##.####
#####........
....
#........#...
....
###.######.#
..... #.....#
.# .....
#.....# #
......
#.....#
......
#....@#
......
#....{#
.....#
#.....#
#.....#
#.....#
#....#..
#.....#
.....#..
#.....#
...#....
#.....# .
...#...
###.###
..##....#
.........


There were no monsters in sight!

Vanquished Creatures
  Natasha (thrice) (D:2)
  2 adders (D:2)
  A worm (D:2)
  10 ball pythons
  An endoplasm (D:2)
  2 giant cockroaches
  3 goblins
  7 hobgoblins
  3 jackals (D:2)
  3 kobolds
  3 quokkas
  2 bats (D:1)
  A frilled lizard (D:1)
  14 rats
55 creatures vanquished.

Notes
Turn   | Place    | Note
-------+----------+-------------------------------------------
     0 | D:1      | KittyFluff the Gargoyle Berserker began the quest for the
                  | Orb.
     0 | D:1      | Reached XP level 1. HP: 14/14 MP: 1/1
   441 | D:1      | Reached XP level 2. HP: 19/19 MP: 2/2
   630 | D:1      | Found a faded altar of an unknown god.
   882 | D:1      | Reached ** piety under Trog
   883 | D:1      | Reached XP level 3. HP: 24/24 MP: 3/3
  1108 | D:2      | Noticed Natasha
  1116 | D:2      | Killed Natasha
  1117 | D:2      | Reached XP level 4. HP: 20/29 MP: 2/4
  1160 | D:2      | Noticed Natasha
  1182 | D:2      | Killed Natasha
  1430 | D:2      | Found Beum's Distillery.
  1708 | D:2      | Noticed Natasha
  1735 | D:2      | Killed Natasha
  1736 | D:2      | Reached XP level 5. HP: 17/33 MP: 3/5
  2036 | D:2      | Noticed Sigmund
  2054 | D:2      | HP: 1/33 [something (8)]
  2054 | D:2      | Slain by Sigmund

Illustrated notes

Levels and vault maps discovered:
D:1:      spicycebolla_arrival_xxxplode, layout_rooms,
          shapermc_ecumenical_altar_mp_urbaneastern, minmay_rat_gold_closets
D:2:      layout_basic, serial_shops, nicolae_shop_competitors_out_of_business,
          moated_statue, hangedman_decor_peaks_small, nrook_mini_backslash,
          uniq_natasha, uniq_sigmund

Skill      XL: |  1  2  3  4 |
---------------+-------------+-----
Dodging        | 2 |  2.3
Maces & Flails | 4 |  4.3
Fighting       | 4 |  4.0
Armour         | 3 |  3.0
Stealth        | |  0.7
Unarmed Combat | |  0.1

Action                   |  1- 3 |  4- 6 || total
-------------------------+-------+-------++-------
Melee: Mace              |    88 |    63 ||   151
       Unarmed           |       |    19 ||    19
Evoke: Wand              |       |     1 ||     1
Armor: Animal skin       |    28 |       ||    28
       Leather armour    |     8 |    35 ||    43
       Skin              |       |     3 ||     3
Dodge: Dodged            |    39 |    47 ||    86
